 Dungeon Crawl Stone Soup version 0.18.1-48-g4cf74bf (webtiles) character file.

134 Gargoyl the Skirmisher (level 4, -1/35 HPs)
             Began as a Demonspawn Abyssal Knight on June 25, 2016.
             Was a Believer of Lugonu.
             Slain by an orc warrior
             ... wielding a +0 trident
              (15 damage)
             ... on level 3 of the Dungeon.
             The game lasted 00:04:48 (3034 turns).

Gargoyl the Skirmisher (Demonspawn Abyssal Knight)  Turns: 3034, Time: 00:04:49

Health: -1/35      AC:  9    Str: 13    XL:     4   Next: 95%
Magic:  5/5        EV:  1    Int: 13    God:    Lugonu [**....]
Gold:   90         SH: 11    Dex: 13    Spells: 0 memorised, 3 levels left

rFire  + . .     SeeInvis .     a - +1 hand axe
rCold  + . .     Gourm    .     j - +0 chain mail
rNeg   . . .     Faith    .     f - +0 large shield
rPois  +         Spirit   .     (helmet restricted)
rElec  +         Dismiss  .     (no cloak)
rCorr  +         Reflect  .     (no gloves)
SustAt .         Harm     .     (no boots)
MR     .....                    (no amulet)
Stlth  ..........               (no ring)
                                (no ring)

@: lethally poisoned (-1 -> -4), resistant, not resistant to hostile
enchantments, extremely unstealthy
A: claws 1, horns 1
a: Depart the Abyss, Bend Space, Renounce Religion


You were on level 3 of the Dungeon.
You worshipped Lugonu.
Lugonu was pleased with you.
You were not hungry.

You visited 1 branch of the dungeon, and saw 3 of its levels.
You visited the Abyss 1 time.

You collected 90 gold pieces.

Inventory:

Hand Weapons
 a - a +1 hand axe (weapon)
Armour
 f - a +0 large shield (worn)
 j - a +0 chain mail (worn)
Jewellery
 r - a cursed ring of loudness {unknown}
Scrolls
 b - 3 scrolls of amnesia {unknown}
 d - a scroll of random uselessness {unknown}
 e - a scroll of enchant armour {unknown}
 g - 2 scrolls of identify {unknown}
 h - 3 scrolls of remove curse {unknown}
 i - a scroll of teleportation {unknown}
 p - 3 scrolls of fear {unknown}
Potions
 l - a potion of ambrosia
 m - a potion of curing {unknown}
 q - a potion of lignification {unknown}
Comestibles
 c - 2 bread rations
 n - a beef jerky
 o - 3 chunks of flesh


   Skills:
 + Level 3.5 Fighting
 + Level 2.4 Axes
 * Level 3.1 Armour
 + Level 1.5 Dodging
 + Level 1.5 Shields
 + Level 2.6 Invocations


You had 3 spell levels left.
You didn't know any spells.

Dungeon Overview and Level Annotations

Branches:
Dungeon (3/15)

Altars:
Ashenzari

Annotations:
D:3 nobody's ghost, amateur HOFi


Innate Abilities, Weirdness & Mutations

You have sharp fingernails.
You have a pair of small horns on your head.


Message History

You block the adder's attack.
Your shield and chain mail prevent you from hitting the adder.
You headbutt the adder.
The adder is heavily wounded.
The adder bites you.
You are poisoned.
The adder poisons you!
The orc warrior hits you but does no damage.
Okay, then.
You feel sick. You block the adder's attack.
Found a scroll labeled PERHAXK VILOID.
Okay, then.
Read which item? (? for menu, Esc to quit)
Okay, then.
Drink which item? (? for menu, Esc to quit)
It was a potion of resistance.
You feel protected. You block the adder's attack.
The orc warrior hits you from afar with a trident!
You die...

#.##### .. ... .......
#.. #.# ....... ...# ..#
....... ##... .. .......
.#.# #
.......#...#⌠.##+##.⌠#
#+#####o...#.........#
#.......####........##
#....@S.#...#.......#.
#.......#...+..._...+.
##...........#.......#.
?.........##.##.......##
..#......†...#.........#
# #..........#⌠.##'##.⌠#
#...........#.#...####
...#######+........#..)
#.. #.#...#......†


You could see an orc warrior and an adder.

Vanquished Creatures
  7 adders
  An ooze (D:1)
  A dart slug (D:1)
  A giant gecko (D:2)
  5 orcs (D:3)
  5 giant cockroaches
  6 goblins
  2 hobgoblins
  6 jackals
  A quokka (D:2)
  2 ball pythons
  8 bats
  5 giant newts
  5 kobolds
  6 rats
61 creatures vanquished.

Notes
Turn   | Place    | Note
--------------------------------------------------------------
     0 | Abyss:1  | Gargoyl the Demonspawn Abyssal Knight began the quest for the Orb.
     0 | Abyss:1  | Reached XP level 1. HP: 18/18 MP: 2/2
    94 | Abyss:1  | Noticed a large abomination
   110 | Abyss:1  | Noticed a starcursed mass
   117 | D:1      | Escaped the Abyss
   384 | D:1      | Gained mutation: You have sharp fingernails. [demonic ancestry]
   384 | D:1      | Reached XP level 2. HP: 20/24 MP: 3/3
   409 | D:1      | Reached * piety under Lugonu
  1010 | D:2      | Gained mutation: You have a pair of small horns on your head. [demonic ancestry]
  1010 | D:2      | Reached XP level 3. HP: 16/29 MP: 4/4
  1225 | D:2      | Reached skill level 1 in Dodging
  1386 | D:2      | Reached skill level 1 in Shields
  1534 | D:2      | Reached XP level 4. HP: 32/35 MP: 5/5
  2164 | D:2      | Reached ** piety under Lugonu
  2543 | D:3      | Noticed an orc warrior
  2561 | D:3      | Noticed nobody's ghost (amateur HOFi)
  3011 | D:3      | Found a shattered altar of Ashenzari.
  3034 | D:3      | Slain by an orc warrior

Skill      XL: |  1  2  3  4 |
---------------+-------------+-----
Armour         | 2 3 |  3.1
Axes           | 2 |  2.4
Dodging        | 1 |  1.5
Shields        | 1 |  1.5
Fighting       | |  3.5
Invocations    | |  2.6

Action                   |  1- 3 |  4- 6 || total
-------------------------+-------+-------++-------
Melee: Hand axe          |   128 |    78 ||   206
       Headbutt          |     6 |    14 ||    20
Invok: Depart the Abyss  |     1 |       ||     1
  Use: Potion            |       |     2 ||     2
  Eat: Chunk             |     2 |     3 ||     5
       Fruit             |       |     4 ||     4
Armor: Leather armour    |    12 |       ||    12
       Chain mail        |    68 |    90 ||   158
Dodge: Dodged            |    10 |       ||    10
Block: Large shield      |    89 |    74 ||   163
